Map: Daybreak LE (Void)

Players

Hondo

  • Race: Terran Terran
  • League: Diamond
  • Spawn Location: 7:00

Musumeci - Winner!

  • Race: Zerg Zerg
  • League: Diamond
  • Spawn Location: 1:00

VOD

Have the link to the VOD?

Description

Time

  • Played on: Jan. 9, 2017, 1:32 p.m.
  • Length: 11:51
Show
View Real Time Build Order
Export as new Build Order

Hondo Terran 

Build Orders: MMM Bio 

Get SALT Encoding   

  12  0:01  SCV  
  13  0:13  SCV  
  14  0:18  Supply Depot  
  14  0:25  SCV  
  15  0:39  SCV  
  15  0:41  Barracks  
  16  0:51  SCV  
  17  1:03  SCV  
  18  1:18  Command Center  
  18  1:21  SCV  
  19  1:29  Marine  
  20  1:39  Orbital Command  
  20  1:46  Supply Depot  
  20  1:47  Marine  
  21  2:05  Marine  
  22  2:14  SCV  
  23  2:28  Marine  
  23  2:29  SCV  
  25  2:34  Orbital Command, Command Center  
  25  2:42  Bunker  
  25  2:50  Marine  
  26  2:56  SCV  
  28  3:05  SCV  
  28  3:08  Marine  
  28  3:09  Barracks  
  28  3:11  Barracks  
  28  3:12  SCV  
  30  3:23  SCV  
  30  3:24  SCV  
  30  3:26  Marine  
  33  3:28  Refinery  
  33  3:30  Refinery  
  33  3:38  SCV x2  
  35  3:44  Marine  
  36  3:49  Orbital Command  
  36  3:50  SCV  
  36  3:52  SCV  
  38  4:00  Supply Depot  
  38  4:01  Marine  
  38  4:02  SCV  
  40  4:04  Supply Depot  
  40  4:09  Barracks Tech Lab  
  39  4:10  Marine  
  39  4:11  SCV  
  39  4:14  SCV  
  42  4:17  SCV  
  42  4:19  Marine  
  44  4:24  SCV  
  44  4:26  SCV  
  44  4:28  Marine  
  47  4:35  Stimpack  
  47  4:36  SCV, Supply Depot  
  47  4:37  Marine  
  49  4:38  Supply Depot  
  49  4:40  Marine  
  49  4:41  Supply Depot  
  49  4:46  SCV x2, Marine  
  49  4:47  Factory  
  49  4:51  Refinery  
  52  4:53  Refinery  
  52  4:55  Marine  
  52  4:56  SCV  
  52  4:58  SCV, Marine  
  52  4:59  SCV  
  57  5:08  SCV  
  57  5:11  Marine  
  57  5:12  Engineering Bay  
  57  5:13  SCV x2, Engineering Bay  
  61  5:22  Marine x2  
  61  5:23  SCV  
  61  5:25  SCV  
  65  5:29  Marine  
  65  5:32  Factory Reactor  
  66  5:36  SCV x2, Starport  
  66  5:40  Marine x2  
  66  5:42  SCV  
  71  5:45  Terran Infantry Armor Level 1, Terran Infantry Weapons Level 1  
  71  5:48  SCV  
  72  5:52  Barracks Reactor  
  72  5:59  Barracks Reactor  
  72  6:00  Marauder  
  72  6:01  SCV x2  
  76  6:09  Bunker  
  76  6:10  Orbital Command  
  76  6:22  Marauder, SCV x2  
  76  6:23  Barracks, Supply Depot  
  76  6:25  Barracks, Supply Depot  
  80  6:26  Supply Depot, Factory Reactor  
  80  6:29  Medivac x2  
  80  6:30  Marine x2  
  86  6:36  SCV x3  
  89  6:43  Marauder  
  89  6:44  Marine  
  89  6:45  Marine  
  93  6:48  Marine x2  
  93  6:51  SCV x2  
  93  6:52  Refinery  
  97  6:56  Supply Depot  
  97  6:59  Supply Depot  
  97  7:00  Supply Depot  
  97  7:02  Marine x2  
  97  7:04  Medivac x2  
  97  7:05  Marauder  
  97  7:06  Combat Shields  
  105  7:14  Armory  
  105  7:22  Marine x2  
  107  7:23  Barracks Reactor  
  107  7:27  Marine  
  107  7:28  Marine x2  
  107  7:29  SCV x2  
  112  7:33  Barracks Reactor  
  112  7:45  Marine x2  
  112  7:46  Marauder, Marine  
  112  7:47  SCV x3  
  119  7:59  SCV  
  119  8:03  Marine  
  119  8:04  Marine x5  
  126  8:05  SCV  
  126  8:06  Terran Infantry Weapons Level 2, SCV, Factory Tech Lab  
  126  8:07  Terran Infantry Armor Level 2  
  126  8:11  SCV  
  110  8:13  Marine x3  
  112  8:21  Terran Vehicle Weapons Level 1, Marine  
  112  8:22  Marine x2  
  112  8:23  SCV, Barracks  
  112  8:24  SCV x2, Concussive Shells  
  112  8:25  Barracks  
  118  8:27  Barracks  
  118  8:30  Widow Mine, Factory  
  118  8:32  Marauder  
  111  8:36  SCV x2  
  111  8:38  Refinery, Marine x4  
  117  8:43  SCV  
  117  8:48  SCV  
  119  8:49  Marine x3  
  119  8:50  Supply Depot  
  119  8:53  Marauder, Supply Depot  
  119  8:55  Marine  
  125  8:56  Marine, Supply Depot  
  125  8:59  Marine x3, Siege Tank  
  132  9:07  Marine x2  
  134  9:14  Marauder  
  134  9:16  Marine x2  
  134  9:17  Marine x2  
  138  9:19  Medivac x2  
  138  9:21  Marine x2  
  146  9:25  Marine  
  146  9:36  Marauder  
  146  9:40  Factory Tech Lab  
  146  9:41  Marine x3  
  146  9:44  Marine  
  146  9:45  Marine x2  
  106  10:00  Marine x5  
  106  10:01  Marauder  
  101  10:10  Marine  
  101  10:11  Marine x2  
  103  10:18  Command Center  
  99  10:27  Marine x3  
  99  10:28  Marine x2  
  86  10:29  Marine x3  
  85  10:40  Marine  
  74  10:45  Marine x2  
  74  10:46  Marine x3  
  74  10:48  Medivac x2  
  56  11:08  Supply Depot x2  
  56  11:09  Supply Depot  
  48  11:15  Factory Tech Lab  
  47  11:19  Orbital Command  
  42  11:29  Marine x2  
  42  11:30  Marine x7  
  53  11:38  Command Center  
Show
View Real Time Build Order
Export as new Build Order

Musumeci Zerg - Winner!

Build Orders: Hatch First 

Get SALT Encoding   

  12  0:00  Drone  
  13  0:08  Drone  
  14  0:15  Extractor  
  14  0:16  Drone  
  15  0:40  Hatchery  
  14  0:46  Drone, Extractor  
  15  1:05  Spawning Pool  
  15  1:07  Extractor  
  15  1:08  Drone  
  14  1:12  Extractor  
  14  1:15  Drone  
  16  1:20  Overlord  
  16  1:43  Drone x3  
  19  1:52  Queen  
  19  1:54  Queen  
  21  1:57  Drone  
  25  2:01  Drone  
  25  2:08  Overlord  
  25  2:11  Drone  
  26  2:19  Drone x2  
  28  2:27  Drone x2  
  30  2:30  Queen  
  32  2:39  Queen  
  32  2:41  Drone  
  32  2:44  Drone  
  36  2:48  Overlord  
  36  2:58  Extractor  
  36  3:01  Extractor  
  36  3:02  Drone x2, Roach Warren  
  35  3:19  Drone x2  
  37  3:20  Drone  
  37  3:22  Drone x3  
  41  3:30  Overlord  
  41  3:31  Overlord x2  
  41  3:49  Hatchery  
  41  3:52  Drone x2  
  41  3:53  Drone  
  41  3:54  Drone x3  
  46  4:03  Evolution Chamber  
  45  4:14  Evolution Chamber  
  44  4:17  Drone x2  
  44  4:21  Overlord  
  46  4:32  Roach x4  
  54  4:43  Lair  
  54  4:44  Drone  
  56  4:45  Drone  
  56  4:46  Drone x2, Extractor  
  56  4:47  Roach x4  
  65  4:56  Drone x2, Extractor  
  66  5:05  Spore Crawler  
  65  5:07  Drone, Spore Crawler  
  65  5:08  Drone x2  
  65  5:10  Spore Crawler  
  65  5:12  Spore Crawler  
  65  5:16  Drone  
  66  5:26  Roach  
  66  5:27  Roach x2  
  72  5:29  Overlord x3  
  72  5:33  Zerg Missile Weapons Level 1  
  72  5:39  Zerg Ground Armor Level 1  
  72  5:40  Glial Reconstitution  
  72  5:44  Roach  
  72  5:48  Drone  
  72  5:49  Drone x2  
  77  6:10  Drone  
  79  6:11  Drone x9, Spore Crawler  
  79  6:15  Ravager x3  
  89  6:21  Roach x3  
  89  6:23  Drone  
  89  6:24  Drone  
  97  6:31  Drone  
  98  6:35  Overlord x3  
  98  6:55  Hatchery  
  98  6:59  Roach x4  
  105  7:11  Infestation Pit, Drone x3  
  105  7:13  Drone x2, Extractor  
  105  7:14  Drone x3, Extractor  
  105  7:15  Drone x3  
  112  7:18  Overlord x3  
  113  7:38  Roach x5  
  113  7:39  Roach x7  
  113  7:40  Zergling x2  
  138  8:13  Ravager x7  
  138  8:16  Zerg Missile Weapons Level 2  
  138  8:17  Zerg Ground Armor Level 2  
  142  8:20  Overlord x6  
  142  8:27  Evolution Chamber  
  141  8:31  Evolution Chamber  
  140  8:38  Queen  
  142  8:43  Roach  
  142  8:44  Roach x11, Overlord  
  166  9:05  Overlord x3  
  166  9:06  Ravager x2  
  166  9:07  Ravager x7  
  166  9:08  Extractor  
  166  9:09  Extractor  
  173  9:17  Hive  
  173  9:22  Overlord  
  173  9:23  Overlord  
  173  9:24  Overlord  
  163  9:58  Roach  
  163  9:59  Roach x17  
  178  10:18  Roach  
  178  10:19  Roach x3  
  178  10:30  Roach x4  
  179  10:39  Ravager x8  
  181  11:03  Roach x3  
Tags
 
Composition
MMM Bio
Matchup
TvZ
Replay Pack
replay pack
Spawn Locations
Cross Positions
Add a new tag
Caveats
  • Supply blocks, unpowered buildings, or Contaminate may cause inaccurate times.
  • Supply counts are checked every 10 seconds.